 Dungeon Crawl Stone Soup version 0.19.0-16-g73b5abf (webtiles) character file.

5366 kuniqs the Grappler (level 10, 0/88 HPs)
             Began as a Troll Fighter on Nov 10, 2016.
             Was a Priest of Dithmenos.
             Slain by a wolf (11 damage)
             ... led by Grum
             ... on level 8 of the Dungeon.
             The game lasted 00:16:27 (7377 turns).

kuniqs the Grappler (Troll Fighter)                 Turns: 7377, Time: 00:16:28

Health: 0/88       AC:  7    Str: 31    XL:     10   Next: 39%
Magic:  9/9        EV: 10    Int:  4    God:    Dithmenos [***...]
Gold:   242        SH: 12    Dex: 12    Spells: 0 memorised, 9 levels left

rFire  . . .     SeeInvis .       - Unarmed
rCold  . . .     Gourm    +     a - +0 robe
rNeg   . . .     Faith    .     b - +0 shield
rPois  .         Spirit   .     (helmet restricted)
rElec  .         Reflect  .     w - +1 cloak
rCorr  +         Harm     .     (gloves unavailable)
MR     .....                    (boots unavailable)
Stlth  ++........               (no amulet)
                                (no ring)
                                D - ring of resist corrosion

@: mighty, wreathed by umbra
A: unfitting armour, claws 3, fast metabolism 3, gourmand, regeneration 1,
shaggy fur 1, tough skin 2
a: Shadow Step, Renounce Religion


You were on level 8 of the Dungeon.
You worshipped Dithmenos.
Dithmenos was most pleased with you.
You were not hungry.

You visited 2 branches of the dungeon, and saw 10 of its levels.

You collected 382 gold pieces.
You spent 140 gold pieces at shops.

Inventory:

Missiles
 s - 10 tomahawks (quivered)
 F - 5 javelins
Armour
 a - a +0 robe (worn)
 b - a +0 shield (worn)
 w - a +1 cloak (worn)
Jewellery
 D - a ring of resist corrosion (left claw)
Wands
 j - a wand of iceblast (0/15)
 u - a wand of paralysis (3/24)
 C - a wand of iceblast (5/15)
Scrolls
 e - 3 scrolls of amnesia {unknown}
 f - 5 scrolls of remove curse {@r2}
 g - 2 scrolls of blinking {unknown}
 h - 2 scrolls of immolation {unknown}
 k - 3 scrolls of teleportation {unknown}
 l - 7 scrolls of identify {@r1}
 n - 3 scrolls of fog {unknown}
 o - 2 scrolls of enchant weapon {unknown}
 t - 3 scrolls of recharging {unknown}
 y - a scroll of magic mapping {unknown}
 B - 2 scrolls of random uselessness {unknown}
 J - a scroll of noise {unknown}
Potions
 c - 2 potions of might
 i - a potion of brilliance
 m - a potion of berserk rage {unknown}
 q - a potion of invisibility {unknown}
 v - 3 potions of curing {@q1}
 x - a potion of lignification {unknown}
 z - a potion of agility {unknown}
 A - a potion of flight {unknown}
 G - a potion of beneficial mutation {unknown}
 I - a potion of mutation {unknown}
Comestibles
 d - 8 bread rations
 p - a slice of pizza
 r - 2 beef jerkies
 H - 2 meat rations


   Skills:
 - Level 2.4 Fighting
 + Level 7.7 Throwing
 - Level 2.4 Dodging
 + Level 8.3 Shields
 + Level 9.3 Unarmed Combat


You had 9 spell levels left.
You didn't know any spells.

Dungeon Overview and Level Annotations

Branches:
Dungeon (9/15)             Temple (1/1) D:4
   Lair: D:8-11         Orc: D:9-12

Altars:
Ashenzari
Cheibriados
Dithmenos
Elyvilon
Hepliaklqana
Nemelex Xobeh
Okawaru
Qazlal
Trog
Zin

Shops:
D:6 !

Annotations:
D:4 1 exclusion
D:8 1 runed door
D:9 Grum


Innate Abilities, Weirdness & Mutations

You are too large for most types of armour.
You have claws for hands.
Your metabolism is lightning-fast.
You like to eat raw meat.
Your natural rate of healing is unusually fast.
You are covered in fur. (AC +1)
You have very tough skin. (AC +2)


Message History

It is a scroll of identify.
i - a potion of brilliance The wolf bites you but does no damage.
The wolf bites you!
* * * LOW HITPOINT WARNING * * *
The wolf closely misses you. The wolf completely misses you.
You block the wolf's attack.
You feel very mighty all of a sudden. You block the wolf's attack.
The wolf barely misses you. The wolf bites you but does no damage.
The wolf closely misses you. The wolf bites you.
* * * LOW HITPOINT WARNING * * *
You claw the wolf!
You kill the wolf!
Dithmenos accepts your kill.
You block the wolf's attack. x2; The wolf closely misses you.
The wolf bites you.
* * * LOW HITPOINT WARNING * * *
You see here a wolf corpse.
You miss the wolf. You block the wolf's attack. The wolf bites you!
You die...

........#.# #..#.# #.#.......
#########.# ##.#.# #.#.......
#########.# #...# #.#.......
##........# ##..# #.#...####
##.######## #..# #.###.##..
........# #..#######.........
........# #.h##.............#
........### ##h##.####........#
..........### #@##.#.........#.#
.#.######.#.####......##......#..
...### #.#.........#.##......#.#
.....# ##.#.......#.......##.....
....####.)....########'########..
..............#...............#.#
......#.)#....#....)..........#..
.........#....#....#######....#.#
....#.#..#....#...b#.....#....#..


You could see 2 wolves.

Vanquished Creatures
  Pikel (D:4)
  A troll (D:5)
  4 hippogriffs (D:7)
  A hungry ghost (D:8)
  Menkaure (D:7)
  A soldier ant (D:8)
  A sky beast (D:5)
  An ice beast (D:7)
  A slave (D:4)
  5 orc warriors
  An ogre (D:7)
  A wolf (D:8)
  A phantom (D:6)
  2 centaurs (D:5)
  A big kobold (D:8)
  6 bullfrogs
  7 scorpions
  A water moccasin skeleton (D:8)
  3 killer bees (D:7)
  4 wights (D:7)
  A howler monkey (D:6)
  A crimson imp (D:3)
  A centaur zombie (D:6)
  2 jellies
  3 hounds
  3 bullfrog skeletons
  2 orc priests (D:7)
  9 orc wizards
  A centaur skeleton (D:4)
  3 iguanas
  Natasha (D:4)
  13 worker ants
  A hound skeleton (D:8)
  A worker ant zombie (D:7)
  9 gnolls
  8 adders
  3 river rats (D:7)
  2 shadow imps (D:7)
  An adder skeleton (D:4)
  4 worms
  A dart slug (D:1)
  4 leopard geckos
  30 orcs
  5 bats
  11 giant cockroaches
  3 goblins
  4 hobgoblins
  8 jackals
  6 quokkas
  5 frilled lizards
  6 kobolds
  A quokka zombie (D:8)
  6 rats
  A bush (D:5)
  2 plants (D:7)
206 creatures vanquished.

Vanquished Creatures (others)
  A plant (D:7)
1 creature vanquished.

Grand Total: 207 creatures vanquished

Notes
Turn   | Place    | Note
-------+----------+-------------------------------------------
     0 | D:1      | kuniqs the Troll Fighter began the quest for the Orb.
     0 | D:1      | Reached XP level 1. HP: 22/22 MP: 0/0
   476 | D:1      | Reached XP level 2. HP: 21/29 MP: 1/1
   779 | D:2      | Found a sparkling altar of Nemelex Xobeh.
   885 | D:2      | Found a white marble altar of Elyvilon.
  1014 | D:2      | Reached XP level 3. HP: 35/36 MP: 2/2
  1040 | D:2      | Reached skill level 3 in Unarmed Combat
  1050 | D:2      | Reached XP level 4. HP: 27/44 MP: 3/3
  1460 | D:3      | Found a shattered altar of Ashenzari.
  1461 | D:3      | Found a shadowy altar of Dithmenos.
  1483 | D:3      | Became a worshipper of Dithmenos the Shadowed
  1513 | D:4      | Reached XP level 5. HP: 50/50 MP: 4/4
  1529 | D:3      | Reached skill level 4 in Unarmed Combat
  1610 | D:3      | Found an iron altar of Okawaru.
  1635 | D:4      | Reached skill level 1 in Throwing
  2144 | D:4      | Found a glowing silver altar of Zin.
  2144 | D:4      | Noticed an angel
  2238 | D:4      | Reached XP level 6. HP: 59/59 MP: 5/5
  2303 | D:4      | Reached * piety under Dithmenos
  2335 | D:4      | Noticed a slave
  2336 | D:4      | Noticed a slave
  2336 | D:4      | Noticed Pikel
  2338 | D:4      | Noticed a slave
  2342 | D:4      | Killed a slave
  2343 | D:4      | Noticed a slave
  2350 | D:4      | Killed Pikel
  2350 | D:4      | Reached skill level 5 in Shields
  2350 | D:4      | Reached skill level 5 in Unarmed Combat
  2350 | D:4      | Reached XP level 7. HP: 34/66 MP: 6/6
  2351 | D:4      | Found a staircase to the Ecumenical Temple.
  2352 | D:4      | Noticed Natasha
  2359 | D:4      | Killed Natasha
  2369 | Temple   | Entered the Ecumenical Temple
  2401 | D:5      | Entered Level 5 of the Dungeon
  2479 | D:4      | Found a stormy altar of Qazlal.
  2728 | D:5      | Noticed a troll
  2737 | D:5      | Killed a troll
  2737 | D:5      | Reached skill level 6 in Unarmed Combat
  2737 | D:5      | Reached XP level 8. HP: 74/74 MP: 7/7
  3746 | D:6      | Found a hazy altar of Hepliaklqana.
  3782 | D:6      | Reached skill level 5 in Throwing
  3782 | D:6      | Reached skill level 7 in Unarmed Combat
  3933 | D:6      | Found Mylish's Distillery.
  4050 | D:6      | Bought 2 potions of degeneration for 28 gold pieces
  4050 | D:6      | Bought a potion of heal wounds for 70 gold pieces
  4050 | D:6      | Bought a potion of curing for 42 gold pieces
  4371 | D:6      | Reached XP level 9. HP: 78/80 MP: 8/8
  4396 | D:6      | Found a bloodstained altar of Trog.
  4568 | D:6      | Found a snail-covered altar of Cheibriados.
  4568 | D:6      | Found a bloodstained altar of Trog.
  5189 | D:7      | Reached ** piety under Dithmenos
  5462 | D:7      | Reached skill level 8 in Unarmed Combat
  5475 | D:7      | Noticed Menkaure
  5489 | D:7      | Killed Menkaure
  5876 | D:7      | Reached XP level 10. HP: 61/88 MP: 9/9
  6430 | D:8      | Found a runed door.
  6449 | D:8      | Found a runed door.
  6493 | D:8      | Reached *** piety under Dithmenos
  6504 | D:8      | Reached skill level 9 in Unarmed Combat
  7347 | D:9      | Noticed Grum
  7377 | D:8      | Slain by a wolf

Skill      XL: |  1  2  3  4  5  6  7  8  9 10 |
---------------+-------------------------------+-----
Shields        | 3 4 5 6 7 8 |  8.3
Unarmed Combat | 3 4 5 6 7 8 9 |  9.3
Throwing       | 1 3 4 5 7 |  7.7
Fighting       | |  2.4
Dodging        | |  2.4

Action                   |  1- 3 |  4- 6 |  7- 9 | 10-12 || total
-------------------------+-------+-------+-------+-------++-------
Melee: Unarmed           |    65 |   134 |   334 |   229 ||   762
Throw: Tomahawk          |       |       |     3 |       ||     3
Evoke: Wand              |       |     2 |     2 |     1 ||     5
  Use: Scroll            |       |       |     1 |     1 ||     2
       Potion            |       |       |       |     3 ||     3
 Stab: Paralysed         |       |       |     4 |     3 ||     7
       Sleeping          |       |       |       |     3 ||     3
  Eat: Chunk             |    11 |    16 |    30 |    14 ||    71
Armor: Robe              |    24 |    31 |    73 |    46 ||   174
Dodge: Dodged            |    24 |    33 |    92 |   107 ||   256
Block: Shield            |    20 |    45 |   167 |   137 ||   369
